 Dungeon Crawl Stone Soup version 0.21.1-1-g345015f (webtiles) character file.

70 Mirai the Magician (level 4, -4/24 HPs)
             Began as a Deep Elf Conjurer on Apr 2, 2018.
             Slain by an ogre
             ... wielding a +0 giant club
              (15 damage)
             ... on level 2 of the Dungeon.
             The game lasted 00:03:23 (1808 turns).

Mirai the Magician (Deep Elf Conjurer)              Turns: 1808, Time: 00:03:24

Health: -4/24      AC:  2    Str:  5    XL:     4   Next: 3%
Magic:  5/14       EV: 13    Int: 21    God:
Gold:   232        SH:  0    Dex: 15    Spells: 4/15 levels left

rFire    . . .     SeeInvis .   e - +0 dagger
rCold    . . .     Gourm    .   (no shield)
rNeg     . . .     Faith    .   a - +0 robe
rPois    .         Spirit   .   (no helmet)
rElec    .         Reflect  .   (no cloak)
rCorr    .         Harm     .   (no gloves)
MR       .....                  (no boots)
Stlth    ++........             (no amulet)
HPRegen  0.08/turn              (no ring)
MPRegen  0.14/turn              (no ring)

@: no status effects
A: no striking features
a: no special abilities


You were on level 2 of the Dungeon.
You were hungry.

You visited 1 branch of the dungeon, and saw 3 of its levels.

You collected 232 gold pieces.

Inventory:

Hand Weapons
 e - a +0 dagger (weapon)
Armour
 a - a +0 robe (worn)
Scrolls
 h - 7 scrolls of remove curse {unknown}
 i - 2 scrolls of identify {unknown}
 j - a scroll of enchant armour {unknown}
 l - 2 scrolls of amnesia {unknown}
Potions
 d - 3 potions of curing {unknown}
 g - a potion of degeneration {unknown}
 k - a potion of flight {unknown}
 m - a potion of ambrosia {unknown}
 n - 2 potions of invisibility {unknown}
Books
 b - a book of Conjurations

   Spells                             Type                      Level
   a - Magic Dart                     Conjuration                  1
   b - Searing Ray                    Conjuration                  2
   c - Dazzling Spray                 Conjuration/Hexes            3
   d - Fulminant Prism                Conjuration/Hexes            4
   e - Force Lance                    Conjuration/Translocation    4
   f - Iskenderun's Mystic Blast      Conjuration                  4
Comestibles
 c - 4 rations
 f - 2 chunks of flesh


   Skills:
 - Level 2.4 Dodging
 - Level 2.4 Stealth
 + Level 6.0 Spellcasting
 - Level 4.3 Conjurations


You had 4 spell levels left.
You knew the following spells:

 Your Spells              Type           Power        Failure   Level  Hunger
a - Magic Dart            Conj           ###.         1%          1    None
b - Searing Ray           Conj           ###...       2%          2    None
c - Iskenderun's Mystic   Conj           ###.....     16%         4    ####...
d - Fulminant Prism       Conj/Hex       ###.......   36%         4    ####...


Dungeon Overview and Level Annotations

Branches:
Dungeon (3/15)

Altars:
Ru
The Shining One


Message History

The ogre is lightly wounded. (Press . to maintain the ray.)
The searing ray hits the ogre.
The ogre is moderately wounded.
The searing ray hits the ogre.
The ogre is heavily wounded.
The ogre hits you with a giant club!
Ouch! That really hurt!
The searing ray misses the ogre.
You finish channeling your searing ray.
Casting: Searing Ray
Confirm with . or Enter, or press ? or * to list all spells.
Aiming: Searing Ray
Press: ? - help, Shift-Dir - straight line, f/p - ogre
Aim: an ogre, wielding a giant club (heavily wounded)
The searing ray hits the ogre.
The ogre is severely wounded. (Press . to maintain the ray.)
The ogre hits you with a giant club!
Ouch! That really hurt!
You die...

#.#.### ##..# ##.......## #
>.....########...####...<.....##.
....................+.........+..
...##.########...####.........##
#.###.### ##..# ##.......##
#.......# ##.# ##.....##
#.###.#.# #.# ##...## #.# #.#.#
#O# ##+## #.###.#.# #@# #.#
#.....#.# #....# #.# #.#####.#
#.#### ##.## #.# .# ..
##...###### #.#####.##.#
#.......... #.......##
##...#.#... ..####### ##..#...##
### ...#####..##.### #
#...........# #


You could see an ogre.

Vanquished Creatures
  An adder (D:2)
  2 oozes
  3 leopard geckos
  An orc (D:3)
  2 giant cockroaches
  6 goblins
  3 hobgoblins
  2 jackals (D:1)
  6 kobolds
  2 quokkas (D:2)
  10 bats
  3 frilled lizards (D:1)
  7 rats
48 creatures vanquished.

Vanquished Creatures (others)
  A fulminant prism (D:2)
1 creature vanquished.

Grand Total: 49 creatures vanquished

Notes
Turn   | Place    | Note
-------+----------+-------------------------------------------
     0 | D:1      | Mirai the Deep Elf Conjurer began the quest for the Orb.
     0 | D:1      | Reached XP level 1. HP: 10/10 MP: 6/6
   266 | D:1      | Reached skill level 4 in Spellcasting
   266 | D:1      | Reached XP level 2. HP: 15/15 MP: 3/9
   270 | D:1      | Learned a level 2 spell: Searing Ray
   813 | D:2      | Reached XP level 3. HP: 19/19 MP: 9/11
   850 | D:2      | Reached skill level 5 in Spellcasting
  1051 | D:2      | Found a glowing golden altar of the Shining One.
  1090 | D:2      | You fall through a shaft!
  1288 | D:3      | Found a sacrificial altar of Ru.
  1635 | D:2      | Reached XP level 4. HP: 24/24 MP: 11/13
  1678 | D:2      | Reached skill level 6 in Spellcasting
  1768 | D:2      | Noticed an ogre
  1786 | D:2      | Learned a level 4 spell: Iskenderun's Mystic Blast
  1791 | D:2      | Learned a level 4 spell: Fulminant Prism
  1808 | D:2      | Slain by an ogre

Skill      XL: |  1  2  3  4 |
---------------+-------------+-----
Spellcasting   | 4 5 6 |  6.0
Dodging        | |  2.4
Stealth        | |  2.4
Conjurations   | |  4.3

Action                   |  1- 3 |  4- 6 || total
-------------------------+-------+-------++-------
Melee: Dagger            |     4 |       ||     4
 Cast: Magic Dart        |    70 |     2 ||    72
       Searing Ray       |     1 |     2 ||     3
       Fulminant Prism   |       |     1 ||     1
  Eat: Chunk             |     2 |       ||     2
Armor: Robe              |     3 |       ||     3
Dodge: Dodged            |    14 |       ||    14
